Map: Mech Depot LE

Players

INnoVation

  • Race: Terran Terran
  • Spawn Location: 1:00

TYTY (TY) - Winner!

  • Race: Terran Terran
  • Spawn Location: 7:00

Event: 2017 WCS Global Finals

VOD

Have the link to the VOD?

Description

Time

  • Played on: Nov. 3, 2017, 8:09 p.m.
  • Length: 14:22

All games in this series

Show
View Real Time Build Order
Export as new Build Order

INnoVation Terran 

Build Orders: Reaper Expand, Bio Tank 

Get SALT Encoding   

  12  0:00  SCV  
  13  0:12  SCV  
  14  0:17  Supply Depot  
  14  0:24  SCV  
  15  0:38  SCV  
  15  0:40  Barracks  
  16  0:44  Refinery  
  16  0:50  SCV  
  17  1:02  SCV  
  18  1:14  SCV  
  19  1:27  Reaper, Orbital Command  
  20  1:39  Command Center  
  20  1:50  Supply Depot  
  20  1:52  SCV  
  21  2:00  Barracks Reactor  
  21  2:04  SCV  
  22  2:16  SCV  
  23  2:23  Command Center  
  23  2:28  SCV  
  24  2:33  Barracks  
  24  2:37  Marine  
  24  2:38  Marine  
  24  2:41  SCV  
  27  2:50  Orbital Command  
  27  2:53  SCV  
  27  2:56  Marine x2  
  30  3:04  Barracks  
  30  3:06  SCV  
  30  3:12  Engineering Bay  
  31  3:16  SCV  
  31  3:18  SCV  
  33  3:20  Marine  
  33  3:21  Marine  
  33  3:23  Barracks Tech Lab  
  35  3:29  SCV  
  35  3:30  SCV  
  37  3:36  Orbital Command  
  37  3:38  Marine x2  
  39  3:42  Stimpack  
  39  3:43  Terran Infantry Weapons Level 1  
  39  3:46  SCV x2  
  41  3:49  Marine  
  41  3:51  Barracks Tech Lab  
  42  3:58  SCV x2  
  42  4:00  Factory  
  44  4:03  Marine x2  
  44  4:06  Marine  
  46  4:10  SCV x3, Marine  
  46  4:14  Refinery  
  50  4:22  Supply Depot, Marine x2  
  52  4:24  Marine  
  52  4:25  SCV  
  52  4:26  SCV x2  
  52  4:27  Marine  
  57  4:38  SCV  
  56  4:39  SCV x2  
  56  4:45  Marine x4  
  60  4:50  SCV  
  60  4:51  Starport  
  62  4:53  Factory Reactor  
  62  4:55  Supply Depot, SCV x2  
  64  5:01  Refinery  
  64  5:02  SCV  
  64  5:04  Marine x4  
  69  5:12  Supply Depot  
  69  5:13  Combat Shields  
  69  5:17  SCV x3  
  69  5:20  Supply Depot  
  72  5:22  Refinery  
  72  5:23  Marine x4  
  76  5:31  SCV x3  
  72  5:37  Medivac x2  
  72  5:41  Marine x3  
  63  5:52  SCV x3  
  59  5:59  Marine x2  
  59  6:00  Marine x2  
  59  6:04  SCV x2  
  64  6:07  Medivac  
  64  6:11  Medivac  
  69  6:13  Refinery  
  69  6:17  Marine x2  
  69  6:18  Marine  
  72  6:20  SCV x3  
  72  6:23  Barracks Reactor  
  75  6:32  SCV x2  
  77  6:36  Marine x3  
  77  6:37  Terran Infantry Armor Level 1  
  77  6:39  Barracks  
  80  6:40  Barracks  
  80  6:42  Supply Depot  
  80  6:44  SCV x2  
  82  6:49  Siege Tank  
  82  6:50  Orbital Command  
  85  6:54  Marine x3  
  88  7:02  Marine x2  
  88  7:05  Medivac  
  88  7:06  Medivac, SCV x2  
  96  7:09  Supply Depot  
  96  7:10  Supply Depot  
  96  7:12  Marine x3  
  99  7:17  SCV  
  99  7:18  SCV  
  101  7:25  Supply Depot  
  101  7:29  Barracks Reactor  
  101  7:30  SCV, Supply Depot, Barracks Reactor, Marine x5  
  101  7:32  SCV x2, Siege Tank  
  112  7:41  Armory  
  112  7:42  Engineering Bay, SCV  
  112  7:43  Supply Depot  
  113  7:48  Marine x5  
  113  7:50  Supply Depot  
  118  7:52  SCV  
  118  7:53  SCV  
  118  7:55  Medivac x2, SCV  
  118  7:57  Refinery  
  118  7:58  Refinery  
  125  8:00  Missile Turret  
  125  8:05  Siege Tank  
  128  8:06  Marine  
  128  8:07  Marine x5  
  128  8:11  SCV  
  128  8:12  SCV x2  
  137  8:17  Marine x3  
  140  8:24  Marine  
  140  8:25  SCV x3, Marine x3  
  145  8:28  Marine  
  145  8:29  Marine  
  145  8:33  Terran Infantry Weapons Level 2, Terran Infantry Armor Level 2  
  144  8:35  Marine x2  
  144  8:40  Siege Tank  
  149  8:49  Marine x4  
  149  9:01  Supply Depot x2  
  149  9:02  Medivac, Marine x5  
  154  9:05  Medivac  
  157  9:11  Marine  
  157  9:13  Marine x2  
  157  9:22  Marine x5  
  157  9:23  Siege Tank  
  166  9:25  Supply Depot  
  166  9:26  Sensor Tower, Supply Depot  
  166  9:31  Factory  
  165  9:33  Barracks Reactor  
  165  9:37  Terran Vehicle And Ship Armor Level 1  
  165  9:41  Marine x4  
  165  9:42  Marine x2  
  170  9:47  Viking x2  
  170  9:48  Marine x2  
  174  9:59  Marine x4, Siege Tank  
  181  10:00  Marine x2  
  181  10:06  Marine x2  
  157  10:15  Marine  
  157  10:16  Marine  
  157  10:17  Marine x3  
  157  10:19  Command Center  
  149  10:21  Siege Tank  
  149  10:26  Medivac  
  149  10:27  Marine x3  
  126  10:30  Marine  
  126  10:31  Siege Tank, Marine  
  128  10:41  Marine x5  
  133  10:45  Marine x3  
  133  10:48  Marine  
  133  10:49  Terran Infantry Weapons Level 3  
  136  10:51  Terran Infantry Armor Level 3  
  136  10:55  Marine  
  137  10:59  Marine x3  
  137  11:01  Siege Tank  
  143  11:04  Viking x2  
  143  11:10  Marine x5  
  147  11:20  Siege Tank  
  150  11:33  Siege Tank  
  150  11:38  Marine x4  
  150  11:39  Marine x2  
  157  11:52  Siege Tank  
  157  11:53  Marine x4  
  164  11:56  Marine x3  
  164  11:58  Sensor Tower  
  161  12:05  Siege Tank  
  161  12:07  Viking  
  161  12:08  Viking  
  159  12:17  Marine x6  
  165  12:24  Siege Tank  
  165  12:28  Supply Depot  
  168  12:30  SCV x2  
  168  12:31  Marine x4  
  168  12:34  Orbital Command  
  168  12:35  Marine x2  
  176  12:45  Viking x2  
  176  12:51  Siege Tank  
  183  12:52  Marine  
  183  12:53  Marine x2  
  183  13:01  Marine x2  
  183  13:02  Reaper  
  182  13:06  Sensor Tower  
  181  13:17  Marine  
  181  13:18  Marine x6  
  181  13:19  Marine  
  189  13:24  Marine  
  187  13:28  Supply Depot  
  187  13:29  Supply Depot  
  187  13:34  Marine  
  182  13:35  Medivac, Marine  
  182  13:36  Medivac, Marine x4  
  166  13:53  Marine  
  166  13:54  Marine x3  
  168  13:57  Barracks x2  
  168  13:58  Barracks x2  
Show
View Real Time Build Order
Export as new Build Order

TYTY Terran - Winner!

Build Orders: Gas First Reaper Expand, Reaper Expand, Bio Tank 

Get SALT Encoding   

  12  0:00  SCV  
  13  0:12  SCV  
  14  0:19  Supply Depot  
  14  0:24  SCV  
  14  0:28  Refinery  
  15  0:40  SCV  
  16  0:45  Barracks  
  16  0:52  SCV  
  17  1:04  SCV  
  18  1:17  SCV  
  19  1:32  Reaper, Orbital Command  
  20  1:43  Command Center  
  20  1:53  Factory  
  20  1:58  SCV  
  21  2:06  Barracks Reactor  
  21  2:07  Supply Depot  
  21  2:10  SCV  
  22  2:19  Refinery  
  22  2:22  SCV  
  23  2:34  SCV  
  26  2:37  Hellion  
  26  2:43  Starport, Marine x2  
  28  2:46  SCV  
  29  2:56  Orbital Command  
  29  2:58  SCV  
  29  3:01  Marine x2  
  29  3:04  Widow Mine  
  34  3:11  SCV  
  35  3:19  Marine x2  
  37  3:20  Medivac  
  37  3:22  SCV  
  37  3:24  SCV  
  41  3:29  Supply Depot  
  41  3:34  Factory Tech Lab, SCV  
  41  3:36  SCV, Marine  
  41  3:37  Marine  
  45  3:46  SCV  
  46  3:50  SCV  
  46  3:53  Siege Tank  
  46  3:55  Supply Depot  
  50  3:56  Marine x2  
  50  3:58  SCV  
  50  4:02  SCV  
  54  4:10  Supply Depot  
  54  4:16  SCV, Marine x2  
  57  4:23  SCV  
  57  4:25  Siege Tank  
  57  4:26  Medivac, Supply Depot  
  62  4:33  SCV  
  62  4:34  Marine  
  63  4:39  Command Center  
  63  4:41  Marine  
  63  4:44  SCV  
  62  4:50  SCV  
  62  4:52  Marine  
  64  4:57  Siege Tank  
  67  5:00  Starport Tech Lab  
  67  5:01  Marine  
  67  5:03  SCV  
  69  5:07  Supply Depot  
  69  5:12  Engineering Bay  
  69  5:14  Engineering Bay, SCV  
  69  5:15  SCV  
  70  5:26  SCV  
  70  5:27  SCV  
  72  5:29  Marine  
  73  5:39  Stimpack, SCV x2  
  73  5:40  Starport Reactor  
  73  5:42  Barracks  
  75  5:43  Refinery  
  75  5:44  Refinery, Terran Infantry Weapons Level 1  
  75  5:47  Marine  
  75  5:48  Barracks  
  68  5:51  SCV x2  
  68  5:55  Orbital Command  
  64  5:58  Terran Infantry Armor Level 1  
  64  6:03  SCV x2  
  64  6:04  Barracks, Marine  
  66  6:10  Siege Tank  
  70  6:12  Supply Depot  
  70  6:13  Barracks  
  70  6:15  SCV x2  
  72  6:22  Marine  
  72  6:23  SCV  
  72  6:24  Starport Reactor  
  74  6:27  SCV x2  
  74  6:29  Marine x2  
  74  6:30  Refinery  
  78  6:34  Armory  
  78  6:39  SCV x2  
  80  6:40  Marine  
  80  6:42  Siege Tank  
  80  6:44  Marine x2  
  86  6:47  SCV, Marine x2  
  86  6:51  SCV  
  91  6:54  Barracks Reactor  
  91  6:55  SCV  
  91  6:58  Marine  
  91  6:59  SCV  
  93  7:02  Marine x2  
  93  7:03  SCV  
  93  7:05  Marine x2  
  93  7:07  Sensor Tower, SCV  
  93  7:08  Refinery, Barracks Reactor  
  99  7:11  SCV  
  99  7:12  Viking  
  99  7:14  Supply Depot  
  102  7:15  SCV  
  102  7:16  Marine  
  102  7:19  Marine  
  102  7:20  Siege Tank, Marine  
  109  7:27  Supply Depot x2  
  109  7:32  Supply Depot  
  109  7:33  Supply Depot  
  109  7:36  Missile Turret, Marine x5  
  114  7:37  Marine x2  
  114  7:40  Combat Shields  
  114  7:41  Supply Depot  
  116  7:46  SCV  
  116  7:48  Medivac x2  
  116  7:50  SCV x2  
  123  7:54  Terran Infantry Weapons Level 2, Marine  
  123  7:57  Terran Infantry Armor Level 2  
  123  7:58  SCV, Marine x2  
  125  8:01  Marine x3  
  130  8:07  Siege Tank  
  130  8:08  Marine x3  
  130  8:11  Marine  
  137  8:15  Command Center  
  137  8:16  Marine  
  137  8:18  Medivac  
  140  8:21  Marine x2  
  140  8:25  Marine x2  
  140  8:26  Marine  
  144  8:29  Marine, Terran Vehicle Weapons Level 1  
  144  8:30  Marine x2  
  144  8:34  Marine  
  144  8:38  Marine x2  
  146  8:43  Marine x2  
  146  8:44  Marine  
  146  8:47  Marine x3  
  152  8:50  SCV x2  
  152  8:51  Marine  
  152  8:52  SCV  
  147  8:56  Sensor Tower  
  147  8:57  Marine x2  
  147  9:00  Marine  
  147  9:02  SCV x2, Siege Tank  
  155  9:03  Marine x2  
  157  9:15  Sensor Tower  
  157  9:17  Supply Depot x2  
  157  9:23  Marine x2  
  155  9:27  Missile Turret  
  155  9:28  Planetary Fortress  
  155  9:29  Marine x4  
  155  9:31  Missile Turret  
  159  9:32  Viking x2, Barracks Reactor  
  159  9:33  SCV x2  
  159  9:38  Missile Turret  
  165  9:40  Marine x2  
  165  9:42  Siege Tank  
  170  9:47  Marine x3  
  170  9:51  Barracks Reactor  
  170  9:58  Factory, Marine x2  
  172  10:04  Marine  
  172  10:05  Marine x2  
  172  10:06  Orbital Command  
  170  10:14  Siege Tank  
  156  10:16  Marine x2  
  156  10:20  Marine x2  
  140  10:21  Medivac x2  
  140  10:22  Marine x3  
  140  10:26  SCV  
  140  10:28  SCV  
  119  10:31  Marine  
  119  10:34  Marine x2  
  121  10:38  Marine x2  
  121  10:39  Marine  
  121  10:40  Marine x3  
  126  10:43  Terran Infantry Armor Level 3  
  126  10:48  Marine  
  130  10:50  Siege Tank  
  130  10:51  Factory Tech Lab  
  130  10:52  Marine x2  
  130  10:55  Marine x2  
  133  10:57  Marine  
  133  10:58  Marine x3  
  133  11:00  Viking x2  
  141  11:06  Marine  
  141  11:09  Marine x2  
  141  11:10  Siege Tank  
  147  11:13  Marine x2  
  147  11:15  Marine  
  147  11:16  Marine x3  
  153  11:22  Siege Tank  
  153  11:24  Marine  
  157  11:26  Terran Vehicle Weapons Level 2  
  157  11:27  Terran Infantry Weapons Level 3, Marine x2  
  157  11:31  Marine x2  
  161  11:32  Marine  
  161  11:33  Viking, Marine  
  161  11:38  Barracks  
  165  11:40  Barracks, Marine  
  165  11:41  Marine  
  165  11:42  Marine  
  165  11:43  Siege Tank  
  165  11:45  Marine x2  
  173  11:49  Marine x2  
  173  11:50  Marine  
  173  11:51  Viking, Marine  
  173  11:52  SCV  
  173  11:53  SCV  
  181  11:58  Marine x2  
  181  12:00  Marine  
  182  12:03  Marine x2  
  182  12:06  Siege Tank  
  182  12:07  Marine x2  
  182  12:08  Marine  
  182  12:13  Marine  
  182  12:15  Siege Tank  
  186  12:16  Marine  
  186  12:20  Refinery  
  186  12:21  Supply Depot x2  
  186  12:22  Refinery  
  187  12:27  Barracks Reactor, Marine  
  188  12:30  Liberator  
  188  12:37  Barracks Reactor  
  188  12:42  Marine x7  
  198  12:54  Supply Depot  
  197  13:00  SCV x2  
  197  13:03  Siege Tank  
  197  13:04  Supply Depot  
  198  13:07  Marine  
  198  13:08  Marine  
  199  13:18  Marine x2  
  200  13:25  Marine x2  
  200  13:26  Marine  
  193  13:36  Marine x6  
  193  13:37  Siege Tank, Marine x2  
  193  13:39  Marine x2  
  200  13:45  Marine  
  200  13:47  Marine  
  197  13:57  Marine x3  
Tags
 
Add a new tag
Caveats
  • Supply blocks, unpowered buildings, or Contaminate may cause inaccurate times.
  • Supply counts are checked every 10 seconds.